 Dungeon Crawl Stone Soup version 0.27-a0-732-ga892ba84f6 (webtiles) character file.

Game seed: 15070108693222187869

165 sanka the Changer (level 5, -4/37 HPs)
             Began as a Vampire Transmuter on Mar 23, 2021.
             Killed by divine providence
             ... invoked by an orc priest
              (9 damage)
             ... on level 3 of the Dungeon.
             The game lasted 00:06:22 (2876 turns).

sanka the Changer (Vampire Transmuter)              Turns: 2876, Time: 00:06:23

Health: -4/37      AC:  2    Str:  9    XL:     5   Next: 22%
Magic:  1/8        EV: 19    Int: 16    God:
Gold:   24         SH:  0    Dex: 20    Spells: 2/8 levels left

rFire    . . .     SeeInvis +     - Unarmed
rCold    . . .     Faith    .   (shield currently unavailable)
rNeg     . . .     Spirit   .   (armour currently unavailable)
rPois    x         Reflect  .   (helmet currently unavailable)
rElec    .         Harm     .   (cloak currently unavailable)
rCorr    .         Rampage  .   (gloves currently unavailable)
Will     .....                  (boots currently unavailable)
Stlth    ++........             (no amulet)
HPRegen  0.32/turn              (no ring)
MPRegen  0.11/turn              (no ring)

@: spider-form, wereblooded, regenerating quickly
A: venomous fangs, alive, tiny, (fangs 3), see invisible, (unbreathing 1),
vampiric 2
a: Exsanguinate, End Transformation


You were on level 3 of the Dungeon.
You were a venomous arachnid creature.
You visited 1 branch of the dungeon, and saw 3 of its levels.

You collected 24 gold pieces.


Innate Abilities, Weirdness & Mutations

You are a venomous arachnid creature.
You have poisonous fangs.
You are tiny and dextrous.
Your spellcasting is less reliable in this form.
Your armour is entirely melded.
You are incapable of wielding weapons or throwing items.
Your natural rate of healing is unusually fast.
((You have razor-sharp teeth.))
You have supernaturally acute eyesight. (SInv)
((You can survive without breathing.))
You are afflicted with vampirism and can become a bat while bloodless.


   Skills:
 - Level 1.0 Fighting
 - Level 2.1 Dodging
 - Level 4.0 Unarmed Combat
 - Level 2.0 Spellcasting
 + Level 4.6 Transmutations
 + Level 2.2 Poison Magic


You had 2 spell levels left.
You knew the following spells:

 Your Spells              Type           Power      Damage    Failure   Level
x - Spider Form           Tmut/Pois      6%         N/A       34%         3
y - Wereblood             Tmut           16%        N/A       14%         2
z - Beastly Appendage     Tmut           32%        N/A       11%         1

Your spell library contained the following spells:

 Spells                   Type           Power      Damage    Failure   Level
 Ice Form                 Ice/Tmut       9%         N/A       82%         4
 Blade Hands              Tmut           8%         N/A       83%         5

Inventory:

Armour
 a - a +0 robe (melded)
 j - a +0 helmet (melded)
Scrolls
 b - 2 scrolls of enchant weapon {unknown}
 d - a scroll of teleportation {unknown}
 f - 2 scrolls of immolation {unknown}
 i - 2 scrolls of identify {unknown}
 l - a scroll of fear {unknown}
Potions
 c - a potion of degeneration {unknown}
 e - 2 potions of curing {unknown}
 g - a potion of lignification {unknown}
 h - a potion of magic {unknown}
 k - a potion of cancellation {unknown}

Dungeon Overview and Level Annotations

Branches:
Dungeon (3/15)

Altars:
Fedhas
Hepliaklqana

Annotations:
D:2 exclusion: zombie

.▒ ▒.▒ ▒.▒ ... .▒
▒▒▒▒▒▒▒▒▒.▒▒▒▒▒.▒▒
▒..s)........>....
▒▒▒▒o▒▒▒▒.........
▒..B....▒▒..▒▒.
▒▒▒............
▒▒▒▒▒..▒..▒..o▒
▒..▒..▒.oo▒
▒.....▒o...
▒.▒▒.▒▒o▒.)
▒..........


You could see an orc priest and a giant cockroach.


Message History

Unknown command.
You bite the orc!
You kill the orc!
Your magical contamination has completely faded away.
Unknown command.
You hit the ooze.
You kill the ooze!
The orc hits you from afar with a +0 trident.
* * * LOW HITPOINT WARNING * * *
Unknown command.
The orc priest mumbles some strange prayers to Beogh against you.
Pain shoots through your body!
* * * LOW HITPOINT WARNING * * *
Things that are here:
a +0 mace; a +0 war axe; an orc corpse Unknown command.
You bite the orc!
The orc is almost dead.
The orc barely misses you.
Unknown command.
You bite the orc!
You kill the orc!
The orc priest hits you with a +0 hand axe!
* * * LOW HITPOINT WARNING * * *
Unknown command.
You hit the orc priest.
The orc priest is heavily wounded.
The orc priest calls down the wrath of Beogh upon you.
Beogh smites you!
You die...

Action                   |  1- 3 |  4- 6 || total
-------------------------+-------+-------++-------
Melee: Unarmed           |   135 |    88 ||   223
       Kick              |    21 |     6 ||    27
       Headbutt          |     8 |     6 ||    14
       Bite              |     7 |     3 ||    10
 Cast: Beastly Appendage |    32 |    13 ||    45
       Spider Form       |     1 |     3 ||     4
       Wereblood         |       |     1 ||     1
 Stab: Sleeping          |     1 |       ||     1
Armor: Robe              |    32 |     6 ||    38
       Skin              |       |     1 ||     1
Dodge: Dodged            |   104 |    57 ||   161

Levels and vault maps discovered:
D:1:      dpeg_arrival_simpleton_b, layout_basic, minmay_misc_feat_tower,
          minmay_bisected
D:2:      minmay_general_purpose_star, layout_basic, fedhas_altar_3,
          minivault_24, uniq_robin
D:3:      layout_basic, lemuel_round_altar, cheibrodos_sewer_entry_bend

Notes
Turn   | Place    | Note
-------+----------+-------------------------------------------
     0 | D:1      | sanka the Vampire Transmuter began the quest for the Orb.
     0 | D:1      | Reached XP level 1. HP: 14/14 MP: 3/3
    55 | D:1      | Reached skill level 1 in Fighting
   256 | D:1      | Reached XP level 2. HP: 19/21 MP: 3/5
   257 | D:1      | Reached skill level 4 in Unarmed Combat
   466 | D:1      | Reached skill level 3 in Transmutations
   650 | D:1      | Gained mutation: You are afflicted with vampirism and can
                  | become a bat while bloodless. [Vampire growth]
   650 | D:1      | Reached XP level 3. HP: 26/26 MP: 4/6
  1138 | D:1      | Learned a level 2 spell: Wereblood
  1142 | D:1      | Learned a level 3 spell: Spider Form
  1583 | D:2      | Reached skill level 1 in Poison Magic
  1583 | D:2      | Reached XP level 4. HP: 32/32 MP: 3/7
  1675 | D:2      | Reached skill level 4 in Transmutations
  1694 | D:2      | Noticed Robin
  1860 | D:2      | Killed Robin
  2423 | D:2      | Found a blossoming altar of Fedhas.
  2692 | D:3      | Reached skill level 2 in Poison Magic
  2712 | D:3      | Found a hazy altar of Hepliaklqana.
  2775 | D:3      | Reached XP level 5. HP: 37/37 MP: 6/8
  2876 | D:3      | Killed from afar by an orc priest

Vanquished Creatures
  A worker ant (D:2)
  Robin (D:2)
  4 adders
  10 orcs
  A giant cockroach (D:1)
  11 goblins
  7 hobgoblins
  4 jackals (D:1)
  7 kobolds
  6 oozes
  3 quokkas
  5 ball pythons
  9 bats
  7 frilled lizards
  6 rats
82 creatures vanquished.

Vanquished Creatures (others)
  4 fungi (D:2)
  4 plants (D:2)
8 creatures vanquished.

Grand Total: 90 creatures vanquished
